AoeStats
← Dodô Pressão

Highland

504845067Analyzed
2v2 RM · 27d ago on Sep 6, 2026· 96m 31s· 4 players
Game mode
Random Map
Map size
Medium (4 player)
Population
200
Speed
Normal
Resources
Standard
Victory
Conquest
Starting age
Dark Age
Ending age
Imperial Age
RankedLock teamsTeams togetherTeam positionsShared explorationLock speedFull tech treeHidden civsTurbo modeCheats
Victory
Defeat
🇧🇷 Magyars · Brazil
543
+12
🇨🇱 Britons · Chile
427
+15
🇬🇧 Slavs · United Kingdom
453
-14
🇹🇷 Byzantines · Türkiye
426
-13
Charlie Brown
12:13 Feudal Age
12:40 Double-Bit Axe
12:38 Horse Collar
14:02 Wheelbarrow
20:10 Castle Age
18:24 Stone Mining
18:30 Gold Mining
21:01 Heavy Plow
21:16 Bow Saw
21:45 Gold Shaft Mining
23:43 Hand Cart
23:15 Town Watch
24:19 Squires
30:06 Loom
33:41 Imperial Age
31:16 Town Patrol
30:59 Pikeman
31:00 Man-at-Arms
32:42 Caravan
34:27 Detinets
34:49 Conscription
33:55 Halberdier
33:56 Long Swordsman
39:26 Two-Handed Swordsman
39:33 Elite Boyar
41:56 Two-Man Saw
41:30 Crop Rotation
42:03 Capped Ram
43:33 Siege Ram
43:55 Champion
45:40 Chemistry
44:36 Murder Holes
46:22 Hoardings
59:23 Onager
67:43 Druzhina
Sake
15:00 Feudal Age
15:27 Double-Bit Axe
15:27 Horse Collar
16:26 Wheelbarrow
22:17 Gold Mining
22:18 Stone Mining
24:55 Castle Age
25:30 Fishing Lines
27:03 Bow Saw
27:21 Hand Cart
32:16 Forging
33:14 Scale Barding Armor
34:36 Stone Shaft Mining
34:36 Gold Shaft Mining
35:27 Chain Barding Armor
35:43 Iron Casting
35:10 Scale Mail Armor
40:52 Imperial Age
39:05 Gillnets
43:45 Squires
43:06 Pikeman
44:04 Elite Cataphract
46:21 Plate Barding Armor
46:02 Chain Mail Armor
45:39 Fletching
48:57 Guilds
49:18 Coinage
48:48 Caravan
49:02 Murder Holes
50:06 Ballistics
52:40 Two-Man Saw
51:39 Gambesons
51:15 Man-at-Arms
59:19 Halberdier
61:17 Chemistry
60:29 Fortified Wall
60:17 Bodkin Arrow
60:54 Plate Mail Armor
63:38 Greek Fire
64:23 Capped Ram
66:41 Banking
71:20 Medium Warships
70:34 Demolition Ship
cristobal.jimenezlazo
5:34 Loom
9:22 Feudal Age
22:48 Castle Age
22:06 Man-at-Arms
24:56 Wheelbarrow
24:24 Crossbowman
25:55 Double-Bit Axe
31:52 Horse Collar
33:11 Light Cavalry
33:19 Pikeman
34:06 Town Watch
36:57 Imperial Age
40:13 Arbalester
40:52 Treadmill Crane
41:33 Ballistics
43:35 Medium Warships
43:23 Fletching
43:51 Block Printing
44:41 Chemistry
43:55 Fortified Wall
44:48 Gambesons
45:36 Hand Cart
50:26 Town Watch
78:14 Capped Ram
79:33 Husbandry
81:42 Illumination
81:58 Theocracy
81:44 Sanctity
82:32 Bow Saw
83:24 Forging
83:10 Bodkin Arrow
83:21 Scale Barding Armor
83:39 Halberdier
88:00 Caravan
91:41 Conscription
94:06 Elite Skirmisher
95:54 Two-Man Saw
Dodô Pressão
12:59 Feudal Age
19:50 Castle Age
21:59 Double-Bit Axe
21:57 Horse Collar
23:27 Bow Saw
26:05 Stone Mining
26:06 Gold Mining
26:27 Heavy Plow
30:30 Gold Shaft Mining
35:54 Wheelbarrow
39:00 Imperial Age
36:34 Corvinian Army
38:07 Hand Cart
39:49 Scale Barding Armor
43:26 Elite Magyar Huszar
44:10 Recurve Bow
44:32 Conscription
45:56 Chemistry
46:08 Two-Man Saw
46:29 Chain Barding Armor
49:57 Ballistics
50:51 Plate Barding Armor
50:09 Fletching
50:19 Padded Archer Armor
53:00 Crossbowman
53:47 Thumb Ring
54:21 Arbalester
56:24 Bodkin Arrow
56:44 Leather Archer Armor
63:37 Bracer
64:07 Ring Archer Armor
63:37 Scale Mail Armor
94:18 Spies/Treason
Connection lost

Rejoining the realm…

Still unreachable

The connection could not be restored.

Session expired

The server has moved on; the page needs a fresh start.